 Dungeon Crawl Stone Soup version 0.30-a0-358-g0d69a1922f (webtiles) character file.

Game seed: 858118684337390121

4 blackman the Sneak (level 1, 0/18 HPs)
             Began as a Human Delver on Nov 10, 2022.
             Was an Initiate of Cheibriados.
             Slain by a yak (5 damage)
             ... on level 7 of the Dungeon.
             The game lasted 00:02:30 (440 turns).

blackman the Sneak (Human Delver)                    Turns: 440, Time: 00:02:30

Health: 0/18       AC:  3    Str: 13    XL:     1   Next: 66%
Magic:  1/1        EV: 12    Int: 11    God:    Cheibriados [......]
Gold:   14         SH:  0    Dex: 15    Spells: 0/0 levels left

rFire   . . .      SeeInvis .    a - +0 falchion
rCold   . . .      Faith    .    (no shield)
rNeg    . . .      Spirit   .    b - +0 leather armour
rPois   .          Reflect  .    (no helmet)
rElec   .          Harm     .    (no cloak)
rCorr   .          Rampage  .    (no gloves)
Will    .....                    (no boots)
Stlth   +++.......               (no amulet)
HPRegen 0.23/turn                (no ring)
MPRegen 0.07/turn                (no ring)

@: flying, slow
A: no striking features
a: Renounce Religion


You were on level 7 of the Dungeon.
You worshipped Cheibriados.
Cheibriados was noncommittal.
You visited 2 branches of the dungeon, and saw 4 of its levels.

You collected 14 gold pieces.

Inventory:

Hand Weapons
 a - a +0 falchion (weapon)
Armour
 b - a +0 leather armour (worn)
Wands
 g - a wand of digging (2)
Scrolls
 c - a scroll of fog
Potions
 f - a potion of haste
 j - a potion of curing


   Skills:
 - Level 3.0 Fighting
 + Level 2.4 Long Blades
 - Level 2.0 Dodging
 - Level 5.0 Stealth


You couldn't memorise any spells.
You didn't know any spells.
Your spell library was empty.

Dungeon Overview and Level Annotations

Branches:
Dungeon (7/15)             Temple (1/1) D:6

Altars:
Cheibriados
Fedhas
Gozag
Hepliaklqana
Kikubaaqudgha
Nemelex Xobeh
Qazlal
Ru
Trog
Uskayaw
Wu Jian
Xom
Yredelemnul
Zin
The Shining One


Message History

Found a stone staircase leading down.
There is an open door here.
You close the door.
There is a stone staircase leading down here.
You open the door. 5 wights come into view.
A wight is wielding a +3 dire flail of freezing.
You close the door.
A wight opens the door.
There is a stone staircase leading down here.
You climb downwards.
Reactivating autopickup.
There is a stone staircase leading up here.
Found 2 scrolls labelled PASINE SAOM. 2 yaks come into view.
The yak bellows!
A yak comes into view. x2
A yak comes into view.
You see here a scroll labelled PASINE SAOM.
d - a scroll labelled PASINE SAOM The yak bellows!
The yak gores you!
Ouch! That really hurt!
* * * LOW HITPOINT WARNING * * *
The yak attacks as you move away! The yak gores you but does no damage.
The yak attacks as you move away! The yak barely misses you.
It was a potion of flight.
You feel very buoyant.
You fly up into the air.
The yak barely misses you.
It was a potion of curing.
You feel better.
As you read the scroll labelled PASINE SAOM, it crumbles to dust.
It is a scroll of identify.
You don't have any unidentified items.
Unknown command.
The yak attacks as you move away! The yak misses you.
The yak attacks as you move away! The yak gores you!
Ouch! That really hurt!
* * * LOW HITPOINT WARNING * * *
The yak gores you.
You die...

#####
......#######
#....@Y.Y.#
#...#####Y# ###
#.#######
#YY.Y..Y.
#......##
##########.####.#
#<.........# #
#^########## #.#


You could see 3 yaks.

Vanquished Creatures
  2 orcs (D:6)
2 creatures vanquished.

Notes
Turn   | Place    | Note
-------+----------+-------------------------------------------
     0 | D:5      | blackman the Human Delver began the quest for the Orb.
     0 | D:5      | Reached XP level 1. HP: 18/18 MP: 1/1
    10 | D:5      | Noticed an ice beast
   202 | D:6      | Found a staircase to the Ecumenical Temple.
   208 | D:6      | Noticed an orc priest
   208 | D:6      | Noticed an orc wizard
   209 | D:6      | Noticed an orc wizard
   211 | Temple   | Entered the Ecumenical Temple
   272 | Temple   | Became a worshipper of Cheibriados the Contemplative
   348 | D:6      | Noticed a scorpion
   382 | D:6      | Noticed a black bear
   412 | D:6      | Noticed a wight
   412 | D:6      | Noticed a wight
   412 | D:6      | Noticed a wight
   412 | D:6      | Noticed a wight
   412 | D:6      | Noticed a wight
   419 | D:7      | Noticed a hound
   428 | D:7      | Noticed a yak
   428 | D:7      | Noticed a yak
   428 | D:7      | Noticed a yak
   428 | D:7      | Noticed a yak
   429 | D:7      | Noticed a yak
   440 | D:7      | Slain by a yak

Illustrated notes

Levels and vault maps discovered:
D:5:      layout_cave_pools
D:6:      layout_loops_corners, temple_statues
D:7:      layout_loops_ring, marbit_many_paths, grunt_temple_overflow_open,
          kennysheep_mini_moat, minmay_misc_feat_four_crosses
Temple:   hellmonk_temple_two_chambers

Action                   || total
-------------------------++-------
Melee: Falchion          ||     9
Evoke: Wand              ||     1
  Use: Scroll            ||     4
       Potion            ||     2
Armor: Leather armour    ||     4
Dodge: Dodged            ||    10

Table legend: (Time is in decaauts)
 A = Elapsed time spent in this place.
 B = Non-inter-level travel time spent in this place.
 C = Inter-level travel time spent in this place.
 D = Time resting spent in this place.
 E = Time spent auto-exploring this place.
 F = Levels seen in this place.
 G = Mean time per level.
                   A        B        C        D        E       F      G
               +--------+--------+--------+--------+--------+-----+--------+
         Total |    482 |    465 |     17 |      0 |    213 |   4 |  120.5 |
       Dungeon |    414 |    411 |      3 |      0 |    164 |   3 |  138.0 |
        Temple |     68 |     54 |     14 |      0 |     49 |   1 |   68.0 |
               +--------+--------+--------+--------+--------+-----+--------+

Top non-repeatable levels by time:
     D:6: 366 daAuts
  Temple: 68 daAuts
     D:7: 25 daAuts
     D:5: 22 daAuts
